 Dungeon Crawl Stone Soup version 0.24.0-123-gd5b16e6ec5 (webtiles) character file.

Game seed: 8010572820589282025, levelgen mode: deterministic

19215 McKennaii the Thaumaturge (level 12, 0/92 (94) HPs)
             Began as a Green Draconian Conjurer on Jan 29, 2020.
             Was an Elder of Vehumet.
             Slain by a catoblepas (2 damage)
             ... while petrified by you
             ... in a Gauntlet.
             The game lasted 00:35:52 (14810 turns).

McKennaii the Thaumaturge (DrCj)                   Turns: 14810, Time: 00:35:52

HP:   0/92 (94)     AC: 15    Str: 12    XL:     12   Next: 34%
MP:   18/27         EV:  2    Int: 20    God:    Vehumet [****..]
Gold: 511           SH:  0    Dex: 11    Spells: 25/34 levels left

rFire    . . .     SeeInvis .   r - +4 spear (pierce)
rCold    + . .     Gourm    .   D - +2 buckler
rNeg     + + +     Faith    .   (armour unavailable)
rPois    ∞         Spirit   .   p - +1 hat
rElec    .         Reflect  .   l - +0 cloak
rCorr    .         Harm     .   w - +0 pair of gloves
MR       .....     NoTele   +   H - +0 pair of boots
Stlth    +++.......             M - amulet of regeneration
HPRegen  0.65/turn              N - ring of protection from cold
MPRegen  0.20/turn              t - +3 ring of protection

@: petrified
A: breathe noxious fumes, unfitting armour, poison resistance, cold-blooded, AC
+8
a: Breathe Noxious Fumes, Renounce Religion


You were in a Gauntlet.
You worshipped Vehumet.
Vehumet was greatly pleased with you.
You were not hungry.

You visited 3 branches of the dungeon, and saw 13 of its levels.
You also visited: Gauntlet.

You collected 731 gold pieces.
You spent 220 gold pieces at shops.

Inventory:

Hand Weapons
 r - a +4 spear of piercing (weapon)
Armour
 l - a +0 cloak (worn)
 p - a +1 hat (worn)
 w - a +0 pair of gloves (worn)
 D - a +2 buckler (worn)
 H - a +0 pair of boots (worn)
Jewellery
 t - a +3 ring of protection (right hand)
 F - an uncursed ring of see invisible {unknown}
 L - an uncursed ring of resist corrosion
 M - an amulet of regeneration (around neck)
 N - a ring of protection from cold (left hand)
Wands
 y - a wand of paralysis (11)
 C - a wand of polymorph (10)
 G - a wand of iceblast (10)
 J - a wand of flame (15)
Scrolls
 a - 8 scrolls of remove curse
 c - 3 scrolls of teleportation
 d - a scroll of enchant weapon
 e - 2 scrolls of fog {unknown}
 g - 2 scrolls of immolation {unknown}
 k - a scroll of magic mapping {unknown}
 n - a scroll of noise {unknown}
 o - 2 scrolls of blinking {unknown}
 s - 4 scrolls of random uselessness {unknown}
 x - a scroll of summoning {unknown}
 E - 2 scrolls of amnesia {unknown}
 I - a scroll of enchant armour {unknown}
 K - 3 scrolls of identify
Potions
 f - a potion of brilliance
 h - a potion of heal wounds
 i - 3 potions of curing
 j - a potion of mutation
 m - 2 potions of haste
 q - 4 potions of agility
 v - a potion of might
 z - a potion of berserk rage {unknown}
 A - 2 potions of degeneration {unknown}
 B - a potion of lignification {unknown}
 O - a potion of magic {unknown}
Comestibles
 b - 24 rations


   Skills:
 + Level 5.2 Fighting
 + Level 7.1 Dodging
 + Level 4.9 Stealth
 - Level 4.1 Shields
 + Level 11.6 Spellcasting
 + Level 10.0 Conjurations
 * Level 4.5 Fire Magic
 * Level 6.4 Air Magic


You had 25 spell levels left.
You knew the following spells:

 Your Spells              Type           Power        Failure   Level  Hunger
a - Magic Dart            Conj           ####         1%          1    None
b - Shock                 Conj/Air       ####         1%          1    None
c - Iskenderun's Mystic   Conj           ######..     1%          4    #......
d - Inner Flame           Hex/Fire       ###.....     1%          3    None

Your spell library contained the following spells:

 Spells                   Type           Power        Failure   Level  Hunger
 Lee's Rapid Deconstruct  Erth           ##........   38%         5    ####...
 Searing Ray              Conj           ######       1%          2    None
 Conjure Flame            Conj/Fire      #####...     1%          3    None
 Dazzling Spray           Conj/Hex       ####..       1%          3    None
 Mephitic Cloud           Conj/Pois/Air  ####....     1%          3    None
 Force Lance              Conj/Tloc      ####....     2%          4    #......
 Fulminant Prism          Conj/Hex       ####......   2%          4    #......
 Beastly Appendage        Tmut           ##....       6%          1    None
 Blink                    Tloc           N/A          9%          2    None
 Call Imp                 Summ           ##......     9%          2    None
 Slow                     Hex            ##......     9%          2    None
 Sticks to Snakes         Tmut           ##......     9%          2    None
 Spider Form              Tmut/Pois      ##........   19%         3    None
 Ice Form                 Ice/Tmut       ##......     52%         4    #......
 Blade Hands              Tmut           ##........   86%         5    ####...


Dungeon Overview and Level Annotations

Branches:
Dungeon (11/15)            Temple (1/1) D:5            Lair (1/6) D:9
    Orc (0/2) D:9         Gauntlet (1/1)

Altars:
Ashenzari
Cheibriados
Dithmenos
Elyvilon
Fedhas
Gozag
Hepliaklqana
Kikubaaqudgha
Makhleb
Nemelex Xobeh
Okawaru
Ru
Sif Muna
Trog
Uskayaw
Vehumet
Wu Jian
Xom
Yredelemnul
Zin
The Shining One

Shops:
D:5 =%[*?   D:8 *   D:9 (

Annotations:
Gauntlet 21 runed translucent doors, 7 transporters


Innate Abilities, Weirdness & Mutations

You can breathe blasts of noxious fumes.
Your lurid green scales are hard. (AC +8)
You cannot fit into any form of body armour.
Your system is resistant to poisons. (rPois)
You are cold-blooded and may be slowed by cold attacks.


Message History

The blast of calcifying dust hits you but does no damage.
You are engulfed in calcifying dust.
The gargoyle hits you with a cursed +0 mace!
The catoblepas breathes a plume of calcifying dust at you.
The blast of calcifying dust hits you.
The gargoyle hits you but does no damage.
The catoblepas gores you!
The gargoyle hits you with a cursed +0 mace!
The catoblepas gores you!
* * * LOW HITPOINT WARNING * * *
The catoblepas gores you!!
* * * LOW HITPOINT WARNING * * *
The gargoyle hits you with a cursed +0 mace!
* * * LOW HITPOINT WARNING * * *
The catoblepas gores you!
* * * LOW HITPOINT WARNING * * *
The gargoyle hits you with a cursed +0 mace.
* * * LOW HITPOINT WARNING * * *
The catoblepas gores you.
You die...

#8#..#.?#.©.#9Y#.8.#..$.©.=.
###..##..#.#..##...#..#...#.
#..#.#..#.P#.#####.#######
###..#..#..P#9.#...##..#.#..
#8#..##..#.#..##©.©#....©...
###..#.#P.#..#.#...##..#.#..
#..#..#.©.#..#####.##...##
###..#...#Y#...#...#..#...#.
#8#..#....#@9..#.8.#..J#.#..
###..###########...#########
#.....#.©.#....≈.§........
###...8.#...#...§8§§........
#8#.....#.©.#....≈.§........
###..###########...#########
#..#.........#.8.#....©...
###..#..##^##..#...#...#.#..
#8#..#.#..#..#.#####....#...


You could see a catoblepas and a gargoyle.

Vanquished Creatures
  A death ooze (Gauntlet)
  A hydra (D:9)
  4 two-headed ogres
  2 skeletal warriors
  Pikel (D:6)
  A moth of wrath (Gauntlet)
  A gargoyle (D:11)
  A spiny frog (Lair:1)
  A troll (D:11)
  2 dream sheep (D:9)
  4 hippogriffs
  The ghost of Thargor the Sneak, an amateur OpFE (D:5)
  Sigmund (D:6)
  Eustachio (D:6)
  3 hungry ghosts
  18 yaks
  3 vampire mosquitoes
  Menkaure (D:7)
  A water moccasin (D:9)
  A hornet zombie (D:9)
  7 orc warriors
  A porcupine (D:9)
  5 ice beasts
  6 phantoms
  An eye of draining (D:9)
  A black bear (D:9)
  4 sky beasts
  A slave (D:6)
  A necrophage (D:11)
  4 ogres
  4 wolves (Gauntlet)
  11 centaurs
  4 big kobolds
  Blork the orc (D:6)
  7 bullfrogs
  A gnoll sergeant (D:11)
  A water moccasin zombie (D:9)
  3 scorpions
  A water moccasin skeleton (D:5)
  6 killer bees (D:11)
  4 wights (D:11)
  A howler monkey (D:6)
  7 crimson imps
  3 bullfrog zombies
  A centaur zombie (D:8)
  3 hounds
  4 jellies
  A quasit (D:8)
  8 orc priests
  10 orc wizards
  2 centaur skeletons
  4 bullfrog skeletons
  4 iguanas
  14 worker ants
  A hound zombie (D:5)
  A hound skeleton (D:9)
  2 howler monkey skeletons
  A howler monkey zombie (D:11)
  4 gnolls (D:11)
  7 adders
  2 shadow imps
  3 adder skeletons
  An adder zombie (D:7)
  3 worms
  A dart slug (D:2)
  4 leopard geckos
  42 orcs
  5 bats
  2 giant cockroaches
  4 goblins
  A hobgoblin (D:9)
  15 jackals
  7 kobolds
  3 quokkas
  2 ball pythons
  3 frilled lizards
  A jackal skeleton (D:5)
  A quokka skeleton (D:7)
  2 quokka zombies
  3 rats (D:3)
  A spectral orc (D:8)
  A fungus (D:9)
  A plant (D:9)
309 creatures vanquished.

Vanquished Creatures (others)
  A scorpion (D:9)
  10 fungi
  14 plants
25 creatures vanquished.

Grand Total: 334 creatures vanquished

Notes
Turn   | Place    | Note
-------+----------+-------------------------------------------
     0 | D:1      | McKennaii the Draconian Conjurer began the quest for the
                  | Orb.
     0 | D:1      | Reached XP level 1. HP: 14/14 MP: 3/3
   436 | D:2      | Reached XP level 2. HP: 20/20 MP: 1/5
   500 | D:2      | Reached XP level 3. HP: 26/26 MP: 0/6
   908 | D:2      | Reached skill level 5 in Conjurations
  1129 | D:2      | Reached XP level 4. HP: 15/33 MP: 1/7
  1758 | D:3      | Reached skill level 3 in Spellcasting
  2505 | D:4      | Reached XP level 5. HP: 24/38 MP: 0/10
  2803 | D:4      | Reached skill level 4 in Spellcasting
  2978 | D:4      | Reached XP level 6. HP: 44/45 MP: 5/12
  3146 | D:4      | Reached skill level 5 in Spellcasting
  3615 | D:4      | Your scales start taking on a lurid green colour.
  3615 | D:4      | Reached XP level 7. HP: 51/51 MP: 10/15
  3615 | D:4      | Gained mutation: Your system is resistant to poisons.
                  | (rPois) [Green Draconian growth]
  4047 | D:5      | Entered Level 5 of the Dungeon
  4047 | D:5      | Found Xaicud's Food Emporium.
  4047 | D:5      | Found Seq Doeh's Antique Armour Shoppe.
  4128 | D:4      | Learned a level 4 spell: Iskenderun's Mystic Blast
  4191 | D:5      | Reached skill level 1 in Fighting
  4191 | D:5      | Reached skill level 6 in Spellcasting
  4222 | D:5      | Found a runed translucent gate.
  4222 | D:5      | Found a runed translucent gate.
  4225 | D:5      | Found a runed translucent gate.
  4242 | D:5      | Noticed Thargor's ghost (amateur OpFE)
  4537 | D:5      | Found Nieraaher's Jewellery Emporium.
  4633 | D:5      | Found Plog's Assorted Antiques.
  4641 | D:5      | Bought a scroll labeled GAZEQ JEANNA for 32 gold pieces
  4641 | D:5      | Bought a glowing red potion for 28 gold pieces
  4641 | D:5      | Bought a thin brass amulet for 160 gold pieces
  4707 | D:5      | Found Bievep's Magic Scroll Shop.
  4781 | D:5      | Reached XP level 8. HP: 57/59 MP: 18/18
  4858 | D:5      | Reached skill level 7 in Spellcasting
  4905 | D:5      | Found a staircase to the Ecumenical Temple.
  5056 | Temple   | Entered the Ecumenical Temple
  5229 | Temple   | Became a worshipper of Vehumet
  5339 | D:5      | Killed Thargor's ghost
  5617 | D:6      | Noticed Eustachio
  5630 | D:6      | Killed Eustachio
  5892 | D:6      | Reached skill level 8 in Spellcasting
  5965 | D:6      | Noticed Pikel
  5981 | D:6      | Killed Pikel
  5981 | D:6      | Reached XP level 9. HP: 68/68 MP: 5/21
  6119 | D:6      | Noticed Blork the orc
  6123 | D:6      | Killed Blork the orc
  6498 | D:6      | Found an iron altar of Okawaru.
  6555 | D:6      | Noticed Sigmund
  6558 | D:6      | Killed Sigmund
  6594 | D:6      | Found an opulent altar of Gozag.
  6731 | D:7      | Reached skill level 1 in Shields
  6731 | D:7      | Reached skill level 9 in Spellcasting
  6777 | D:7      | Found a white marble altar of Elyvilon.
  6838 | D:7      | Reached * piety under Vehumet
  6838 | D:7      | Offered knowledge of Shock by Vehumet.
  6852 | D:7      | Learned a level 1 spell: Shock
  7114 | D:7      | Noticed Menkaure
  7116 | D:7      | Killed Menkaure
  7842 | D:8      | Found a faded altar of an unknown god.
  7842 | D:8      | Found a bloodstained altar of Trog.
  7847 | D:8      | Found a sacrificial altar of Ru.
  7849 | D:8      | Found an ornate altar of the Wu Jian Council.
  7851 | D:8      | Found a burning altar of Makhleb.
  7888 | D:8      | Reached skill level 1 in Air Magic
  7888 | D:8      | Reached XP level 10. HP: 71/77 MP: 10/23
  7922 | D:8      | Found a sparkling altar of Nemelex Xobeh.
  7931 | D:8      | Reached skill level 10 in Spellcasting
  7943 | D:8      | Found a basalt altar of Yredelemnul.
  8055 | D:8      | Found Fofo's General Store.
  8296 | D:8      | Offered knowledge of Sandblast by Vehumet.
  8555 | D:8      | Reached ** piety under Vehumet
  8826 | D:9      | Noticed a two-headed ogre
  9266 | D:9      | Identified the +5 rapier of the Butterfly {antimagic,
                  | +Blink Int+3 Dex-5}
  9300 | D:9      | Killed a two-headed ogre
  9300 | D:9      | Reached skill level 5 in Dodging
  9691 | D:9      | Found a staircase to the Orcish Mines.
  9862 | D:9      | Offered knowledge of Inner Flame by Vehumet.
  9867 | D:9      | Learned a level 3 spell: Inner Flame
 10002 | D:9      | Reached skill level 1 in Fire Magic
 10002 | D:9      | Reached XP level 11. HP: 73/83 MP: 6/25
 10035 | D:9      | Noticed a three-headed hydra
 10043 | D:9      | Reached *** piety under Vehumet
 10052 | D:9      | Killed a three-headed hydra
 10325 | D:9      | Found a staircase to the Lair.
 10519 | D:9      | Found Obyugit's Weapon Boutique.
 10774 | D:10     | Entered Level 10 of the Dungeon
 10920 | D:10     | Noticed a two-headed ogre
 10926 | D:10     | Killed a two-headed ogre
 11098 | D:10     | Offered knowledge of Stone Arrow by Vehumet.
 11438 | D:10     | Reached skill level 5 in Air Magic
 11794 | D:11     | Reached skill level 11 in Spellcasting
 11926 | D:11     | Noticed a skeletal warrior
 11930 | D:11     | Found a bloodstained altar of Trog.
 12248 | D:11     | Noticed a skeletal warrior
 12254 | D:11     | Noticed a skeletal warrior
 12554 | D:10     | Killed a skeletal warrior
 12795 | D:11     | Noticed a two-headed ogre
 12800 | D:11     | Killed a two-headed ogre
 12940 | D:11     | Reached **** piety under Vehumet
 13535 | D:11     | Noticed a skeletal warrior
 13540 | D:11     | Killed a skeletal warrior
 13540 | D:11     | Reached XP level 12. HP: 93/93 MP: 6/27
 13606 | D:11     | Noticed a two-headed ogre
 13615 | D:11     | Killed a two-headed ogre
 13615 | D:11     | Offered knowledge of Lee's Rapid Deconstruction by Vehumet.
 13780 | D:11     | Reached skill level 5 in Fighting
 14245 | Lair:1   | Entered Level 1 of the Lair of Beasts
 14255 | Lair:1   | Found a gate leading to a gauntlet.
 14306 | Gauntlet | Entered a Gauntlet
 14306 | Gauntlet | Found a large runed translucent door.
 14306 | Gauntlet | Found a large runed translucent door.
 14306 | Gauntlet | Found a large runed translucent door.
 14306 | Gauntlet | Found a large runed translucent door.
 14306 | Gauntlet | Found a runed translucent door.
 14306 | Gauntlet | Found a large runed translucent door.
 14306 | Gauntlet | Found a large runed translucent door.
 14306 | Gauntlet | Found a transporter.
 14306 | Gauntlet | Found a transporter.
 14306 | Gauntlet | Found a large runed translucent door.
 14306 | Gauntlet | Found a large runed translucent door.
 14306 | Gauntlet | Found a runed translucent gate.
 14306 | Gauntlet | Found a runed translucent gate.
 14306 | Gauntlet | Found a transporter.
 14306 | Gauntlet | Found a transporter.
 14310 | Gauntlet | Found a transporter.
 14311 | Gauntlet | Found a runed translucent gate.
 14311 | Gauntlet | Found a runed translucent door.
 14315 | Gauntlet | Found a large runed translucent door.
 14315 | Gauntlet | Found a large runed translucent door.
 14316 | Gauntlet | Found a large runed translucent door.
 14317 | Gauntlet | Found a large runed translucent door.
 14322 | Gauntlet | Noticed a green death
 14325 | Gauntlet | Found a transporter.
 14357 | Gauntlet | Found a large runed translucent door.
 14357 | Gauntlet | Found a large runed translucent door.
 14358 | Gauntlet | Found a large runed translucent door.
 14359 | Gauntlet | Found a large runed translucent door.
 14389 | Gauntlet | Found a transporter.
 14398 | Gauntlet | Noticed a death ooze
 14399 | Gauntlet | Found a transporter.
 14415 | Gauntlet | Found a transporter.
 14430 | Gauntlet | Noticed a catoblepas
 14435 | Gauntlet | Found a transporter.
 14447 | Gauntlet | Found a transporter.
 14453 | Gauntlet | Found a transporter.
 14453 | Gauntlet | Noticed a death ooze
 14538 | Gauntlet | Reached skill level 10 in Conjurations
 14634 | Gauntlet | Killed a death ooze
 14810 | Gauntlet | HP: 2/92 [gargoyle/cursed +0 mace (3)]
 14810 | Gauntlet | Slain by a catoblepas

Levels and vault maps discovered:
D:1:      giann_wishing_wells, layout_basic
D:2:      layout_basic
D:3:      layout_loops_ring, minmay_liquid_box
D:4:      layout_cave_pools
D:5:      minmay_razor_zed, layout_loops_ring, minmay_temple_entry_crystal_x,
          gammafunk_ghost_necromancy, serial_shops, shop, shop, shop,
          nicolae_shop_competitors_out_of_business, shop, first_ration
D:6:      layout_basic, overflow_temple_1_default,
          lemuel_coloured_pillars_altar, hangedman_decor_slide_cut,
          uniq_blork_the_orc, uniq_eustachio, uniq_pikel, uniq_sigmund
D:7:      layout_gridville, elyvilon_altar_5, uniq_menkaure
D:8:      layout_basic, yredelemnul_forgotten_temple_becter,
          chequers_temple_overflow_minitemple,
          nemelex_xobeh_ov_fountains_minmay, serial_shops, shop
D:9:      layout_loops_ring, grunt_lair_entry_orc_guard_hut, erik_orc_4,
          serial_shops, nicolae_shop_trees, hangedman_ranch
          [blue_anna_fruit_fields], minmay_fountain_box
D:10:     layout_loops_corners
D:11:     layout_grid_maze, bloody_trog
Temple:   nicolae_temple_figure_eight
Lair:1:   layout_gridlike, gauntlet_entry_generic, st_stairs_10,
          chequers_serial_rivers_micro_a, grunt_megastairs_2, lemuel_fruit_tree
Gauntlet: gammafunk_gauntlet_shortcut
          [minmay_gauntlet_arena_make_your_own_arena,
          gammafunk_gauntlet_arena_teeth, nicolae_gauntlet_arena_t_cross,
          nicolae_gauntlet_arena_quarters,
          gammafunk_gauntlet_arena_arrow_garden,
          gammafunk_gauntlet_arena_chambers, gauntlet_exit_spiral]

Skill      XL: |  1  2  3  4  5  6  7  8  9 10 11 12 |
---------------+-------------------------------------+-----
Dodging        | 2 3 4 5 6 7 |  7.1
Conjurations   | 5 6 7 8 9 10 | 10.0
Stealth        | 2 3 4 |  4.9
Spellcasting   | 3 4 5 6 8 9 10 11 | 11.6
Fighting       | 1 2 3 4 5 |  5.2
Shields        | 2 4 |  4.1
Air Magic      | 1 4 5 6 |  6.4
Fire Magic     | 1 3 4 |  4.5

Action                   |  1- 3 |  4- 6 |  7- 9 | 10-12 || total
-------------------------+-------+-------+-------+-------++-------
Melee: Unarmed           |    47 |    37 |       |       ||    84
       Tailslap          |     4 |     9 |    20 |    59 ||    92
       Dagger            |       |    31 |   196 |   427 ||   654
       Spear             |       |       |       |   106 ||   106
 Cast: Magic Dart        |    49 |   151 |    96 |    61 ||   357
       Iskenderun's Myst |       |       |    52 |   197 ||   249
 Abil: Breathe Noxious F |       |       |     5 |    20 ||    25
Evoke: Wand              |       |       |       |     2 ||     2
  Use: Potion            |       |     2 |       |       ||     2
       Scroll            |       |       |    10 |     2 ||    12
 Stab: Confused          |       |       |     1 |     4 ||     5
       Sleeping          |       |       |       |     4 ||     4
  Eat: Chunk             |     1 |     5 |    19 |    19 ||    44
       Ration            |       |     1 |       |     6 ||     7
Armor: Skin              |    24 |    23 |    65 |   184 ||   296
Dodge: Dodged            |    33 |    56 |   128 |   374 ||   591
Block: Buckler           |       |       |    17 |   174 ||   191
